 Dungeon Crawl Stone Soup version 0.28-a0-529-g3bad584f25 (webtiles) character file.

Game seed: 9122544756609465223

0 shoop the Sneak (level 1, -1/11 HPs)
             Began as a Vine Stalker Delver on Sept 24, 2021.
             Slain by a hound (2 damage)
             ... on level 6 of the Dungeon.
             The game lasted 00:00:10 (18 turns).

shoop the Sneak (Vine Stalker Delver)                 Turns: 18, Time: 00:00:11

Health: -1/11      AC:  3    Str: 14    XL:     1   Next: 0%
Magic:  0/2        EV: 11    Int: 10    God:
Gold:   0          SH:  0    Dex: 15    Spells: 0/0 levels left

rFire   . . .      SeeInvis .   a - +0 short sword
rCold   . . .      Faith    .   (no shield)
rNeg    . . .      Spirit   +   b - +0 leather armour
rPois   .          Reflect  .   (no helmet)
rElec   .          Harm     .   (no cloak)
rCorr   .          Rampage  .   (no gloves)
Will    .....                   (no boots)
Stlth   +++.......              (no amulet)
HPRegen 0.03/turn               (no ring)
MPRegen 0.08/turn               (no ring)

@: no status effects
A: fangs 2, magic shield, antimagic bite, no potion heal 2
a: no special abilities


You were on level 6 of the Dungeon.
You visited 1 branch of the dungeon, and saw 2 of its levels.

Inventory:

Hand Weapons
 a - a +0 short sword (weapon)
Armour
 b - a +0 leather armour (worn)
Wands
 g - a wand of digging (3)
Scrolls
 c - a scroll of fog
 d - a scroll of magic mapping
 e - a scroll of fear
Potions
 f - a potion of haste


   Skills:
 + Level 2.6 Fighting
 + Level 1.7 Short Blades
 + Level 1.5 Dodging
 + Level 6.0 Stealth


You couldn't memorise any spells.
You didn't know any spells.
Your spell library was empty.

Dungeon Overview and Level Annotations

Branches:
Dungeon (6/15)
 Temple: D:4-7

Altars:


Innate Abilities, Weirdness & Mutations

You have extremely sharp teeth.
When hurt, damage is shared between your health and your magic reserves.
Your bite disrupts and absorbs the magic of your enemies.
Potions cannot restore your health.


Message History

There is an entrance to a sewer on this level.
Hurry and find it before the portal rusts away!
Welcome, shoop the Vine Stalker Delver.
Will you prevail where others failed? Will you find the Orb of Zot?
Press ? for a list of commands and other information.
Found a stone staircase leading down.
You hear the sound of rushing water.
There is an entrance to a sewer on this level.
Hurry and find it before the portal rusts away!
Welcome back, shoop the Vine Stalker Delver.
Press ? for a list of commands and other information.
You climb downwards.
Found an escape hatch in the floor.
There is a stone staircase leading up here.
A hound comes into view.
The hound barks!
You hit the hound but do no damage. Your bite misses the hound.
The hound bites you. The hound bites you but does no damage.
You hit the hound but do no damage. The hound misses you.
You hit the hound.
The hound is moderately wounded.
The hound misses you. The hound bites you.
You miss the hound. Your bite misses the hound.
The hound is moderately wounded.
The hound bites you.
You are too injured to fight recklessly!
You are too injured to fight recklessly!
You are too injured to fight recklessly!
You are too injured to fight recklessly!
You hit the hound.
The hound is heavily wounded.
The hound bites you.
* * * LOW HITPOINT WARNING * * *
The hound barely misses you.
You hit the hound.
The hound is heavily wounded.
The hound bites you.
* * * LOW HITPOINT WARNING * * *
You hit the hound. Your bite misses the hound.
The hound is severely wounded.
The hound barely misses you. The hound bites you.
You die...

.# ..# # ..#...# #.
..#...# #..########
#.#...
..........###..#+#
...>....#......#.####
.......<#.h@.........
........#..........#
...............!...#
........#.#####......
........#.. .....
........#### ....
........# .$.
........# .. +


You could see a hound.

Vanquished Creatures (others)
  4 fungi (D:6)
  3 plants (D:6)
7 creatures vanquished.

Notes
Turn   | Place    | Note
-------+----------+-------------------------------------------
     0 | D:5      | shoop the Vine Stalker Delver began the quest for the Orb.
     0 | D:5      | Reached XP level 1. HP: 11/11 MP: 2/2
     9 | D:6      | Noticed a hound
    18 | D:6      | Slain by a hound

Illustrated notes

Levels and vault maps discovered:
D:5:      layout_basic, minmay_temple_entry_stoned_glass,
          lightli_sewer_entry_pipes
D:6:      layout_basic, fedhas_altar_3, due_unseen_surprise

Action                   || total
-------------------------++-------
Melee: Short sword       ||     7
Armor: Leather armour    ||     1
Dodge: Dodged            ||     4

Table legend: (Time is in decaauts)
 A = Elapsed time spent in this place.
 B = Non-inter-level travel time spent in this place.
 C = Inter-level travel time spent in this place.
 D = Time resting spent in this place.
 E = Time spent auto-exploring this place.
 F = Levels seen in this place.
 G = Mean time per level.
                   A        B        C        D        E       F      G
               +--------+--------+--------+--------+--------+-----+--------+
         Total |     17 |     17 |      0 |      0 |      7 |   2 |    8.5 |
       Dungeon |     17 |     17 |      0 |      0 |      7 |   2 |    8.5 |
               +--------+--------+--------+--------+--------+-----+--------+

Top non-repeatable levels by time:
     D:6: 16 daAuts
     D:5: 1 daAuts
